 Dungeon Crawl Stone Soup version 0.15.2 (webtiles) character file.

220 magipi the Cleaver (level 5, 0/42 HPs)
             Began as a Hill Orc Gladiator on Feb 24, 2015.
             Slain by an ogre
             ... wielding a +0 giant club
              (21 damage)
             ... on Level 4 of the Dungeon.
             The game lasted 00:10:07 (2366 turns).

magipi the Cleaver (Hill Orc Gladiator)             Turns: 2366, Time: 00:10:07

HP   0/42        AC 10     Str 18      XL: 5   Next: 97%
MP   5/5         EV  6     Int  8      God:
Gold 141         SH  0     Dex 12      Spells:  0 memorised,  4 levels left

rFire  . . .     SeeInvis .     a - +0 war axe
rCold  . . .     Clarity  .     r - +0 chain mail
rNeg   . . .     rCorr    .     (no shield)
rPois  .         rRot     .     c - +0 helmet
rElec  .         Spirit   .     k - +0 cloak
SustAb .         Warding  .     (no gloves)
rMut   .         Stasis   .     (no boots)
Gourm  .                        (no amulet)
MR     .....                    (no ring)
                                (no ring)

@: not resistant to hostile enchantments, extremely unstealthy
A: no striking features
a: no special abilities


You were on level 4 of the Dungeon.
You were not hungry.

You visited 1 branch of the dungeon, and saw 4 of its levels.

You collected 141 gold pieces.

Inventory:

Hand weapons
 a - a +0 war axe (weapon)
Missiles
 d - a throwing net (quivered)
 i - 24 stones
 l - a javelin
 x - 28 poisoned needles
Armour
 c - a +0 helmet (worn)
 k - a +0 cloak (worn)
 r - a +0 chain mail (worn)
Comestibles
 f - a meat ration
 s - a beef jerky
 z - a rotting chunk of giant cockroach flesh
 A - 2 bread rations
 C - a chunk of iguana flesh
 D - 3 chunks of worker ant flesh
Scrolls
 g - 2 scrolls of magic mapping {unknown}
 j - 4 scrolls of remove curse {unknown}
 m - 2 scrolls of enchant weapon {unknown}
 n - 2 scrolls of immolation {unknown}
 q - a scroll of fog {unknown}
 t - a scroll of amnesia {unknown}
 v - a scroll of teleportation {unknown}
 y - a scroll of enchant armour {unknown}
Jewellery
 b - an uncursed amulet of resist corrosion {unknown}
 h - an uncursed ring of teleport control {unknown}
Potions
 e - a potion of invisibility {unknown}
 o - 2 potions of curing {unknown}
 p - a potion of heal wounds {unknown}
 u - 2 potions of restore abilities {unknown}
 w - a potion of porridge
 E - a potion of degeneration {unknown}


   Skills:
 - Level 2.4 Fighting
 + Level 8.5 Axes
 - Level 2.0 Throwing
 - Level 2.4 Dodging


You had 4 spell levels left.
You didn't know any spells.

Dungeon Overview and Level Annotations

Branches:
Dungeon (4/15)
 Temple: D:4-7

Altars:
Dithmenos
Zin

Annotations:
D:2 Sigmund
D:3 kae's ghost, average DrTm

Vault maps used:
D:1:      dpeg_arrival_boxorama
D:2:      uniq_sigmund
D:3:      kennysheep_pointless_box, minmay_misc_feat_encased,
          grunt_decor_arrowhead, st_stairs_14
D:4:      grunt_temple_overflow_open, first_bread, nemelex_lonely_heart_becter


Message History

You see here 21 bolts.
You see here 21 bolts.
Found 16 gold pieces.
You see here 16 poisoned needles.
x - 28 poisoned needles (gained 16)
A quokka comes into view.
You hit the quokka.
The quokka is severely wounded.
The quokka closely misses you.
Your chain mail prevents you from hitting the quokka.
The quokka is severely wounded.
The quokka bites you.
The quokka bites you but does no damage.
You closely miss the quokka.
The quokka is severely wounded.
The quokka barely misses you.
You miss the quokka.
The quokka is severely wounded.
The quokka bites you but does no damage.
You closely miss the quokka.
The quokka is severely wounded.
The quokka barely misses you.
Your chain mail prevents you from hitting the quokka.
The quokka is severely wounded.
The quokka bites you.
The quokka bites you but does no damage.
You closely miss the quokka.
The quokka is severely wounded.
The quokka closely misses you.
You closely miss the quokka.
The quokka is severely wounded.
The quokka barely misses you.
The quokka bites you but does no damage.
You hit the quokka but do no damage.
The quokka is severely wounded.
The quokka bites you.
You miss the quokka.
The quokka is severely wounded.
The quokka bites you.
You slash the quokka!
You kill the quokka!
An orc comes into view. It is wielding a dagger.
The orc shouts!
An ogre comes into view. It is wielding a giant club.
The ogre shouts!
An orc comes into view. It is wielding a short sword.
The orc shouts!
There is a fountain of clear blue water here.
Throwing (i - inventory. (,) - cycle):
l - 5 javelins (quivered)
Press: ? - help, Shift-Dir - straight line, f - ogre
Aim: an ogre, wielding a giant club You throw a javelin.
The javelin hits the ogre.
The ogre is moderately wounded.
You aren't carrying any items that can be evoked.
Throwing (i - inventory. (,) - cycle):
l - 4 javelins (quivered)
Press: ? - help, Shift-Dir - straight line, f - orc, p - ogre
Aim: an orc, wielding a short sword You throw a javelin.
The javelin hits the orc!
You kill the orc!
Unknown command.
Throwing (i - inventory. (,) - cycle):
l - 3 javelins (quivered)
Press: ? - help, Shift-Dir - straight line, f/p - orc
Aim: an orc, wielding a short sword You throw a javelin.
The javelin hits the ogre.
The ogre is moderately wounded.
Throwing (i - inventory. (,) - cycle):
l - 2 javelins (quivered)
Press: ? - help, Shift-Dir - straight line, f/p - orc
Aim: an orc, wielding a short sword You throw a javelin.
The javelin barely misses the ogre.
The javelin hits the orc.
You kill the orc!
Quiver which item? (- for none, * to show all) (? for menu, Esc to quit)
Quivering
d - 3 throwing nets for throwing.
Throwing (i - inventory. (,) - cycle):
d - 3 throwing nets (quivered)
Press: ? - help, Shift-Dir - straight line, f - ogre
Aim: an ogre, wielding a giant club (lightly wounded)
You throw a throwing net.
The throwing net barely misses the ogre.
The ogre hits you with a giant club!!
Throwing (i - inventory. (,) - cycle):
d - 2 throwing nets (quivered)
Press: ? - help, Shift-Dir - straight line, f/p - ogre
Aim: an ogre, wielding a giant club (lightly wounded)
You throw a throwing net. The throwing net hits the ogre.
The ogre is caught in the net!
The ogre is lightly wounded.
You hit the ogre.
The ogre is heavily wounded.
The ogre struggles against the net.
You hit the ogre.
The ogre is heavily wounded.
The ogre struggles against the net.
You hit the ogre.
The ogre is severely wounded.
The ogre struggles against the net. x2
The net rips apart, and the ogre comes free!
You hit the ogre but do no damage.
The ogre is severely wounded.
The ogre hits you with a giant club!!
Ouch! That really hurt!
You die...

.......# #######.. .......#
#.......# .......# #.......# . .
...###.# #.......# .#.. ...# .#
#.......# #.#.# #.. ...+ .#
#.......# ...# #.. ...# ##
#.......# ##..#######..
.%.#######..))...# #..>#.....#..
................@####...#.....#..
...........######O...............
...........# #.(..............
...........# #..(.............
...........# #...(............
...........# #.........###...$
..........[# #....(....###....
...........# #......(...##....
...........# #.._..⌠.._.##....


You could see an ogre.

Table legend:
 A = Kills in this place as a percentage of kills in entire the game.
 B = Kills by you in this place as a percentage of kills by you in the entire game.
 C = Kills by friends in this place as a percentage of kills by friends in the entire game.
 D = Other kills in this place as a percentage of other kills in the entire game.
 E = Experience gained in this place as a percentage of experience gained in the entire game.
 F = Experience gained in this place divided by the number of levels of this place that you have seen.
                   A       B       C       D       E      F
               +-------+-------+-------+-------+-------+----------------------
         Total | 100.0 | 100.0 |  -nan |  -nan | 100.0 |  78.8
       Dungeon | 100.0 | 100.0 |  -nan |  -nan | 100.0 |  78.8
               +-------+-------+-------+-------+-------+----------------------

Vanquished Creatures
  A phantom (D:4)
  An iguana (D:4)
  A worker ant (D:4)
  3 adders
  A giant mite (D:4)
  An orc skeleton (D:4)
  4 orcs
  A ball python (D:2)
  3 giant cockroaches
  5 goblins
  5 hobgoblins
  10 jackals (D:2)
  An ooze (D:3)
  A quokka (D:4)
  3 bats
  2 giant newts
  6 kobolds
  6 rats
55 creatures vanquished.

Notes
Turn   | Place    | Note
--------------------------------------------------------------
     0 | D:1      | magipi, the Hill Orc Gladiator, began the quest for the Orb.
     0 | D:1      | Reached XP level 1. HP: 18/18 MP: 1/1
   266 | D:1      | Reached XP level 2. HP: 6/25 MP: 2/2
  1066 | D:2      | Reached skill level 5 in Axes
  1115 | D:2      | Reached XP level 3. HP: 28/30 MP: 3/3
  1292 | D:2      | Noticed Sigmund
  1660 | D:3      | Reached skill level 6 in Axes
  1878 | D:3      | Reached XP level 4. HP: 37/37 MP: 4/4
  2057 | D:3      | Noticed kae's ghost (average DrTm)
  2141 | D:4      | Noticed a phantom
  2174 | D:4      | Killed a phantom
  2174 | D:4      | Reached skill level 7 in Axes
  2174 | D:4      | Reached XP level 5. HP: 28/42 MP: 5/5
  2206 | D:4      | Reached skill level 8 in Axes
  2296 | D:4      | Found a shadowy altar of Dithmenos.
  2299 | D:4      | Found a glowing silver altar of Zin.
  2334 | D:4      | Noticed an ogre
  2366 | D:4      | Slain by an ogre

Action                   |  1- 3 |  4- 6 || total
-------------------------+-------+-------++-------
Melee: War axe           |   112 |    52 ||   164
Throw: Javelin           |       |    12 ||    12
       Throwing net      |       |     2 ||     2
  Eat: Chunk             |     3 |     2 ||     5

Action                   |  1- 3 |  4- 6 || total
-------------------------+-------+-------++-------
Melee: War axe           |   112 |    52 ||   164
Throw: Javelin           |       |    12 ||    12
       Throwing net      |       |     2 ||     2
  Eat: Chunk             |     3 |     2 ||     5

Action                   |  1- 3 |  4- 6 || total
-------------------------+-------+-------++-------
Melee: War axe           |   112 |    52 ||   164
Throw: Javelin           |       |    12 ||    12
       Throwing net      |       |     2 ||     2
  Eat: Chunk             |     3 |     2 ||     5
